 Dungeon Crawl Stone Soup version 0.29.1-12-g30fa7ad0bf (webtiles) character file.

Game seed: 6390902226770723526

17 nightchill the Trooper (level 2, 27/27 HPs)
             Began as a Hill Orc Fighter on Jan 9, 2023.
             Was a Follower of Wu Jian.
             Got out of the dungeon alive.
             The game lasted 00:01:29 (845 turns).

nightchill the Trooper (Hill Orc Fighter)            Turns: 845, Time: 00:01:30

Health: 27/27      AC:  6    Str: 18    XL:     2   Next: 62%
Magic:  2/2        EV:  9    Int:  8    God:    Wu Jian [*.....]
Gold:   42         SH:  4    Dex: 10    Spells: 1/1 levels left

rFire   . . .      SeeInvis .   a - +0 war axe
rCold   . . .      Faith    .   c - +0 buckler
rNeg    . . .      Spirit   .   b - +0 scale mail
rPois   .          Reflect  .   (no helmet)
rElec   .          Harm     .   (no cloak)
rCorr   .          Rampage  .   (no gloves)
Will    .....                   (no boots)
Stlth   ..........              (no amulet)
HPRegen 0.09/turn               (no ring)
MPRegen 0.08/turn               (no ring)

@: no status effects
A: no striking features
a: Renounce Religion


You escaped.
You worshipped Wu Jian.
Wu Jian was aware of your devotion.
You visited 1 branch of the dungeon, and saw 1 of its levels.

You collected 42 gold pieces.

Inventory:

Hand Weapons
 a - a +0 war axe (weapon)
 g - a +1 dagger of venom
Armour
 b - a +0 scale mail (worn)
 c - a +0 buckler (worn)
Scrolls
 e - a scroll of silence {unknown}
 f - a scroll of teleportation {unknown}
Potions
 d - a potion of might


   Skills:
 + Level 4.0 Fighting
 * Level 3.8 Axes
 - Level 3.2 Armour
 - Level 3.2 Shields


You had one spell level left.
You didn't know any spells.
Your spell library was empty.

Dungeon Overview and Level Annotations

Branches:
Dungeon (1/15)

Altars:
Wu Jian

Shops:
D:1 !


Message History

You kill the goblin!
Your Fighting skill increases to level 4!
Things that are here:
a +0 club; a +0 club; a goblin corpse You see here a +1 dagger of venom.
You see here a +1 dagger of venom.
Found a faded altar of an unknown god.
You see here a +1 dagger of venom.
g - a +1 dagger of venom
Things that are here:
a +0 club; a +0 club; a goblin corpse You see here a rat corpse.
You see here a +0 club.
There is a stone staircase leading down here.
You now have 42 gold pieces (gained 7).
Done exploring.
Done exploring.
Search for what [? for help]? altar
There is a stone staircase leading down here.
You see here a rat corpse.
Things that are here:
a +0 club; a +0 club; a goblin corpse
There is a shaft here.
There is a faded altar of an unknown god here.
You cannot tell which god this altar belongs to.
Convert to them anyway?
Okay, then.
You cannot tell which god this altar belongs to.
Convert to them anyway?
Wu Jian accepts your prayer! The Council welcomes you!
You can now perform damaging attacks by moving towards foes.
You can now lightly attack monsters by moving around them.
There is a shaft here.
Things that are here:
a +0 club; a +0 club; a goblin corpse
There is an open gate here.
There is a staircase leading out of the dungeon here.
Are you sure you want to leave the Dungeon?
This will make you lose the game!
Alright, then stay!
Are you sure you want to leave the Dungeon?
This will make you lose the game!
You have escaped!

###..........# #....#.#
########.....# #....#.#
......##.....# #....#.#
#####..#.....# #....#.##
##......#### #....#..#
######....######..##.#
###.........#.#.8#...#.#
#...######..#..#'#.#...#
####.#####....##@.#'.....##
#..........#####..#'###.##
....######## #.#.8#...#
#..## ##########..# ).##
##...# #..# .## ######..###
#### ## #......##
#######.###### ........#


There were no monsters in sight!

Vanquished Creatures
  A bat (D:1)
  An endoplasm (D:1)
  A giant cockroach (D:1)
  3 goblins (D:1)
  A hobgoblin (D:1)
  A quokka (D:1)
  3 ball pythons (D:1)
  A frilled lizard (D:1)
  3 kobolds (D:1)
  A rat (D:1)
16 creatures vanquished.

Notes
Turn   | Place    | Note
-------+----------+-------------------------------------------
     0 | D:1      | nightchill the Hill Orc Fighter began the quest for the
                  | Orb.
     0 | D:1      | Reached XP level 1. HP: 19/19 MP: 1/1
   218 | D:1      | Reached XP level 2. HP: 25/27 MP: 2/2
   276 | D:1      | Found Berghuuz's Distillery.
   593 | D:1      | Reached skill level 4 in Fighting
   611 | D:1      | Found a faded altar of an unknown god.
   775 | D:1      | Prayed at the altar of an unknown god.
   775 | D:1      | Became a worshipper of the Wu Jian Council
   775 | D:1      | Reached * piety under Wu Jian
   845 | D:$      | Got out of the dungeon alive.

Illustrated notes

Levels and vault maps discovered:
D:1:      saegor_arrival_simple_c, layout_rooms, serial_shops,
          nicolae_shop_behind_doors, hellmonk_ecumenical_altar_leap_of_faith

Skill      XL: |  1  2 |
---------------+-------+-----
Axes           | 3 |  3.8
Fighting       | 4 |  4.0
Armour         | |  3.2
Shields        | |  3.2

Action                   || total
-------------------------++-------
Melee: War axe           ||    45
Armor: Scale mail        ||    16
Dodge: Dodged            ||    22
Block: Buckler           ||    12
